PL
BUCKHEAD BOWTIES @ TOLEDO TITANS
09/22/2019
 
TOP OF THE 1ST
Buckhead Bowties batting - Pitching for Toledo Titans : RHP Pedro Ritodíaz
Pitching: RHP Pedro Ritodíaz
Batting: LHB Sinclair van Kooten 0-0: Called Strike
0-1: Swinging Strike
0-2: Foul Ball, location: 2F
0-2: Ball
1-2: Ground out U3 (Groundball, 3)
Batting: SHB Juan Sánchez 0-0: Called Strike
0-1: SINGLE (Groundball, 4M)
Batting: LHB Neil Lawson 0-0: Called Strike
0-1: Ball
1-1: Fly out, F9 (Flyball, 9M)
Batting: LHB Kenneth Chapman 0-0: Ball
1-0: Swinging Strike
1-1: Ball
2-1: Swinging Strike
2-2: Ball
3-2: Base on Balls
Juan Sánchez to second
Batting: RHB Bernardo Herrera 0-0: Ball
1-0: Ball
2-0: Ball
3-0: Base on Balls
Juan Sánchez to third
Kenneth Chapman to second
Batting: RHB Tim Barnes 0-0: Called Strike
0-1: Called Strike
0-2: Ground out 6-3 (Groundball, 56)
Top of the 1st over - 0 run(s), 1 hit(s), 0 error(s), 3 left on base; Buckhead 0 - Toledo 0
BOTTOM OF THE 1ST
Toledo Titans batting - Pitching for Buckhead Bowties : LHP Chester Henry
Pitching: LHP Chester Henry
Batting: LHB Rick Harrison 0-0: Ball
1-0: SINGLE (Groundball, 34D)
Batting: RHB Sherman Davis 0-0: Ball
1-0: Ball
2-0: Called Strike
2-1: Ball
3-1: Base on Balls
Rick Harrison to second
Batting: LHB Michael Neely 0-0: Ball
1-0: DOUBLE (Line Drive, 7LS)
Rick Harrison scores
Sherman Davis to third
Batting: LHB Pedro Willis 0-0: Called Strike
0-1: Foul Ball, location: 2F
0-2: Strikes out swinging
Batting: RHB Harris Harden 0-0: Called Strike
0-1: Ground out 1-3 (Groundball, 13S)
Batting: RHB Don Brown 0-0: Ball
1-0: Called Strike
1-1: Swinging Strike
1-2: Ball
2-2: Foul Ball, location: 2F
2-2: Foul Ball, location: 2F
2-2: Strikes out swinging
Bottom of the 1st over - 1 run(s), 2 hit(s), 0 error(s), 2 left on base; Buckhead 0 - Toledo 1
TOP OF THE 2ND
Buckhead Bowties batting - Pitching for Toledo Titans : RHP Pedro Ritodíaz
Batting: RHB Pedro Morales 0-0: Called Strike
0-1: Foul Ball, location: 2F
0-2: Ball
1-2: DOUBLE (Line Drive, 7D)
Batting: RHB Joe Shaw 0-0: Called Strike
0-1: Called Strike
0-2: Ground out 5-3 (Groundball, 56)
Batting: LHB Chester Henry 0-0: Ball
Pedro Morales steals 3rd base
1-0: Ball
2-0: Called Strike
2-1: Called Strike
2-2: Ball
3-2: SINGLE (Line Drive, 56)
Pedro Morales scores
Batting: LHB Sinclair van Kooten 0-0: Ball
1-0: Ball
2-0: Called Strike
2-1: SINGLE (Line Drive, 9LS)
Chester Henry to second
Batting: SHB Juan Sánchez 0-0: Ball
1-0: Called Strike
1-1: Fielders Choice at 2nd, 3-6 (Groundball, 3)
Chester Henry to third
Batting: LHB Neil Lawson 0-0: Ground out 4-3 (Groundball, 4)
Top of the 2nd over - 1 run(s), 3 hit(s), 0 error(s), 2 left on base; Buckhead 1 - Toledo 1
BOTTOM OF THE 2ND
Toledo Titans batting - Pitching for Buckhead Bowties : LHP Chester Henry
Batting: SHB Mustapha Gonzales 0-0: Ball
1-0: Called Strike
1-1: Ground out 1-3 (Groundball, 13)
Batting: LHB David Martínez 0-0: Foul Ball, location: 2F
0-1: Ball
1-1: Ground out 1-3 (Groundball, 13)
Batting: RHB Pedro Ritodíaz 0-0: Ball
1-0: SINGLE (Flyball, 9LS)
Batting: LHB Rick Harrison 0-0: Swinging Strike
0-1: Swinging Strike
0-2: Ball
1-2: Strikes out swinging
Bottom of the 2nd over - 0 run(s), 1 hit(s), 0 error(s), 1 left on base; Buckhead 1 - Toledo 1
TOP OF THE 3RD
Buckhead Bowties batting - Pitching for Toledo Titans : RHP Pedro Ritodíaz
Batting: LHB Kenneth Chapman 0-0: Ball
1-0: Swinging Strike
1-1: Called Strike
1-2: Foul Ball, location: 2F
1-2: Strikes out swinging
Batting: RHB Bernardo Herrera 0-0: Foul Ball, location: 2F
0-1: Foul Ball, location: 2F
0-2: Strikes out swinging
Batting: RHB Tim Barnes 0-0: Called Strike
0-1: Ball
1-1: Foul Ball, location: 2F
1-2: Ground out 5-3 (Groundball, 5)
Top of the 3rd over - 0 run(s), 0 hit(s), 0 error(s), 0 left on base; Buckhead 1 - Toledo 1
BOTTOM OF THE 3RD
Toledo Titans batting - Pitching for Buckhead Bowties : LHP Chester Henry
Batting: RHB Sherman Davis 0-0: Called Strike
0-1: Ball
1-1: Ball
2-1: Foul Ball, location: 2F
2-2: Ground out 6-3 (Groundball, 6)
Batting: LHB Michael Neely 0-0: Foul Ball, location: 2F
0-1: Swinging Strike
0-2: Ball
1-2: Ball
2-2: Strikes out swinging
Batting: LHB Pedro Willis 0-0: Swinging Strike
0-1: Swinging Strike
0-2: Ball
1-2: Ball
2-2: DOUBLE (Line Drive, 9LS)
Batting: RHB Harris Harden 0-0: Foul Ball, location: 2F
0-1: Called Strike
0-2: Ball
1-2: Fly out, F4 (Line Drive, 4)
Bottom of the 3rd over - 0 run(s), 1 hit(s), 0 error(s), 1 left on base; Buckhead 1 - Toledo 1
TOP OF THE 4TH
Buckhead Bowties batting - Pitching for Toledo Titans : RHP Pedro Ritodíaz
Batting: RHB Pedro Morales 0-0: Ball
1-0: Ball
2-0: Foul Ball, location: 2F
2-1: Ball
3-1: Base on Balls
Batting: RHB Joe Shaw 0-0: Foul Ball, location: 2F
0-1: Ball
1-1: Ball
2-1: Called Strike
2-2: Foul Ball, location: 2F
2-2: Strikes out swinging
Batting: LHB Chester Henry 0-0: Ball
Pedro Morales steals 2nd base
1-0: Ball
2-0: Fly out, F2 (Popup, 5SF)
Batting: LHB Sinclair van Kooten 0-0: Ball
1-0: Ground out U3 (Groundball, 3)
Top of the 4th over - 0 run(s), 0 hit(s), 0 error(s), 1 left on base; Buckhead 1 - Toledo 1
BOTTOM OF THE 4TH
Toledo Titans batting - Pitching for Buckhead Bowties : LHP Chester Henry
Batting: RHB Don Brown 0-0: Ball
1-0: Foul Ball, location: 2F
1-1: Ball
2-1: Ball
3-1: Foul Ball, location: 2F
3-2: Ground out 3-1 (Groundball, 34)
Batting: SHB Mustapha Gonzales 0-0: Swinging Strike
0-1: Ball
1-1: Called Strike
1-2: Ball
2-2: Foul Ball, location: 2F
2-2: Strikes out swinging
Batting: LHB David Martínez 0-0: Ball
1-0: Called Strike
1-1: Called Strike
1-2: Ball
2-2: Ball
3-2: Ground out 4-3 (Groundball, 4)
Bottom of the 4th over - 0 run(s), 0 hit(s), 0 error(s), 0 left on base; Buckhead 1 - Toledo 1
TOP OF THE 5TH
Buckhead Bowties batting - Pitching for Toledo Titans : RHP Pedro Ritodíaz
Batting: SHB Juan Sánchez 0-0: Called Strike
0-1: Ground out 4-3 (Groundball, 4S)
Batting: LHB Neil Lawson 0-0: Called Strike
0-1: Swinging Strike
0-2: Ball
1-2: Foul Ball, location: 2F
1-2: Ball
2-2: Strikes out swinging
Batting: LHB Kenneth Chapman 0-0: Ball
1-0: Ball
2-0: Called Strike
2-1: Fly out, F6 (Popup, 6D)
Top of the 5th over - 0 run(s), 0 hit(s), 0 error(s), 0 left on base; Buckhead 1 - Toledo 1
BOTTOM OF THE 5TH
Toledo Titans batting - Pitching for Buckhead Bowties : LHP Chester Henry
Batting: RHB Pedro Ritodíaz 0-0: Ball
1-0: Called Strike
1-1: Ball
2-1: Ball
3-1: Base on Balls
Batting: LHB Rick Harrison 0-0: Grounds into double play, 4-6-3 (Groundball, 4)
Batting: RHB Sherman Davis 0-0: Ball
1-0: Called Strike
1-1: Ground out U3 (Groundball, 3L)
Bottom of the 5th over - 0 run(s), 0 hit(s), 0 error(s), 0 left on base; Buckhead 1 - Toledo 1
TOP OF THE 6TH
Buckhead Bowties batting - Pitching for Toledo Titans : RHP Pedro Ritodíaz
Batting: RHB Bernardo Herrera 0-0: Swinging Strike
0-1: Ground out 4-3 (Groundball, 4)
Batting: RHB Tim Barnes 0-0: Ball
1-0: SINGLE (Groundball, 4MD)
Batting: RHB Pedro Morales 0-0: Called Strike
0-1: Called Strike
0-2: Strikes out looking
Batting: RHB Joe Shaw 0-0: Called Strike
0-1: Swinging Strike
0-2: Ball
1-2: Ball
2-2: Foul Ball, location: 2F
2-2: Foul Ball, location: 2F
2-2: Foul Ball, location: 2F
2-2: Strikes out swinging
Top of the 6th over - 0 run(s), 1 hit(s), 0 error(s), 1 left on base; Buckhead 1 - Toledo 1
BOTTOM OF THE 6TH
Toledo Titans batting - Pitching for Buckhead Bowties : LHP Chester Henry
Batting: LHB Michael Neely 0-0: Swinging Strike
0-1: Foul Ball, location: 2F
0-2: Ball
1-2: Strikes out swinging
Batting: LHB Pedro Willis 0-0: Fly out, F7 (Popup, 5D)
Batting: RHB Harris Harden 0-0: Swinging Strike
0-1: Called Strike
0-2: Ball
1-2: Strikes out swinging
Bottom of the 6th over - 0 run(s), 0 hit(s), 0 error(s), 0 left on base; Buckhead 1 - Toledo 1
TOP OF THE 7TH
Buckhead Bowties batting - Pitching for Toledo Titans : RHP Pedro Ritodíaz
Batting: LHB Chester Henry 0-0: Fly out, F6 (Line Drive, 56D)
Batting: LHB Sinclair van Kooten 0-0: Ball
1-0: Ball
2-0: Ball
3-0: Base on Balls
Pitching: RHP António Lucero
Batting: SHB Juan Sánchez 0-0: Ball
1-0: Ball
Wild Pitch!
Sinclair van Kooten to second
2-0: Ball
3-0: Called Strike
3-1: Ground out 1-3 (Groundball, 34S)
Sinclair van Kooten to third
Batting: LHB Neil Lawson 0-0: Swinging Strike
0-1: Ball
1-1: Ground out 2-3 (Groundball, 2L)
Top of the 7th over - 0 run(s), 0 hit(s), 0 error(s), 1 left on base; Buckhead 1 - Toledo 1
BOTTOM OF THE 7TH
Toledo Titans batting - Pitching for Buckhead Bowties : LHP Chester Henry
Batting: RHB Don Brown 0-0: Called Strike
0-1: Called Strike
0-2: Strikes out swinging
Pinch Hitting: RHB Melvin Baldwin 0-0: Ball
1-0: Called Strike
1-1: Foul Ball, location: 2F
1-2: Foul Ball, location: 2F
1-2: Ball
2-2: SINGLE (Groundball, 3S)
Batting: LHB David Martínez 0-0: Called Strike
0-1: Ball
1-1: Swinging Strike
1-2: Foul Ball, location: 2F
1-2: Foul Ball, location: 2F
1-2: Ball
2-2: Ground out 3-1 (Groundball, 34)
Melvin Baldwin to second
Pinch Hitting: RHB Brad Brown 0-0: Swinging Strike
0-1: Foul Ball, location: 2F
0-2: Strikes out looking
Bottom of the 7th over - 0 run(s), 1 hit(s), 0 error(s), 1 left on base; Buckhead 1 - Toledo 1
TOP OF THE 8TH
Buckhead Bowties batting - Pitching for Toledo Titans : RHP António Lucero
Pitching: RHP Ryoichi Maruyama
Now in RF: Melvin Baldwin
Batting: LHB Kenneth Chapman 0-0: Ball
1-0: Ball
2-0: Ball
3-0: Called Strike
3-1: SINGLE (Groundball, 4MD)
Batting: RHB Bernardo Herrera 0-0: Ball
1-0: Ball
2-0: Ball
3-0: Called Strike
3-1: Base on Balls
Kenneth Chapman to second
Pinch Hitting: RHB Gabriel Rodríguez 0-0: Ball
1-0: Foul Ball, location: 2F
1-1: Foul Ball, location: 2F
1-2: Grounds into double play, 4-6-3 (Groundball, 4)
Kenneth Chapman to third
Batting: RHB Pedro Morales 0-0: Swinging Strike
0-1: Ball
1-1: Foul Ball, location: 2F
1-2: SINGLE (Line Drive, 6D)
Kenneth Chapman scores
Batting: RHB Joe Shaw 0-0: Ball
Pedro Morales is caught stealing 2nd base
Top of the 8th over - 1 run(s), 2 hit(s), 0 error(s), 0 left on base; Buckhead 2 - Toledo 1
BOTTOM OF THE 8TH
Toledo Titans batting - Pitching for Buckhead Bowties : LHP Chester Henry
Now at 3B: Gabriel Rodríguez
Batting: LHB Rick Harrison 0-0: Ball
1-0: Fly out, F6 (Popup, 6)
Batting: RHB Sherman Davis 0-0: Swinging Strike
0-1: Ball
1-1: Ground out 4-3 (Groundball, 4)
Batting: LHB Michael Neely 0-0: Fly out, F8 (Line Drive, 8RD)
Bottom of the 8th over - 0 run(s), 0 hit(s), 0 error(s), 0 left on base; Buckhead 2 - Toledo 1
TOP OF THE 9TH
Buckhead Bowties batting - Pitching for Toledo Titans : RHP Ryoichi Maruyama
Pitching: RHP Eric Miller
Batting: RHB Joe Shaw 0-0: Called Strike
0-1: Called Strike
0-2: Fly out, F3 (Popup, 13S)
Pinch Hitting: LHB Chin Pak 0-0: Ball
1-0: Foul Ball, location: 2F
1-1: Ball
2-1: Ball
3-1: Base on Balls
Batting: LHB Sinclair van Kooten 0-0: Called Strike
0-1: Ball
1-1: Fly out, F7 (Flyball, 78M)
Batting: SHB Juan Sánchez 0-0: Called Strike
0-1: Ball
1-1: Swinging Strike
1-2: Strikes out looking
Top of the 9th over - 0 run(s), 0 hit(s), 0 error(s), 1 left on base; Buckhead 2 - Toledo 1
BOTTOM OF THE 9TH
Toledo Titans batting - Pitching for Buckhead Bowties : LHP Chester Henry
Pitching: LHP Kevin Woods
Pinch Hitting: RHB Enrique Pérez 0-0: Ball
1-0: Called Strike
1-1: Foul Ball, location: 2F
1-2: Strikes out swinging
Batting: RHB Harris Harden 0-0: Called Strike
0-1: Ground out 5-3 (Groundball, 15S)
Batting: RHB Don Brown 0-0: Ball
1-0: Foul Ball, location: 2F
1-1: Swinging Strike
1-2: Ball
2-2: Ball
3-2: Foul Ball, location: 2F
3-2: Foul Ball, location: 2F
3-2: Base on Balls
Batting: RHB Melvin Baldwin 0-0: Called Strike
0-1: Foul Ball, location: 2F
0-2: Foul Ball, location: 2F
0-2: Strikes out swinging
Bottom of the 9th over - 0 run(s), 0 hit(s), 0 error(s), 1 left on base; Buckhead 2 - Toledo 1
This league is powered by Out of the Park Baseball, the baseball management simulation game for PC, Mac and Linux
Saturday, July 25th, 2015 - OOTP Baseball 15.6 Build 34